 Dungeon Crawl Stone Soup version 0.24-a0-243-g8f5f5cd (webtiles) character file.

Game seed: 11538942470925772735

39 Ijustatesigmund the Skirmisher (level 3, -1/26 HPs)
             Began as an Octopode Fighter on Apr 9, 2019.
             Slain by a gnoll
             ... wielding a +0 spear
              (9 damage)
             ... on level 2 of the Dungeon.
             The game lasted 00:02:13 (1208 turns).

Ijustatesigmund the Skirmisher (Octopode Fighter)   Turns: 1208, Time: 00:02:16

Health: -1/26      AC:  1    Str: 20    XL:     3   Next: 47%
Magic:  3/3        EV: 11    Int: 10    God:
Gold:   71         SH:  9    Dex: 12    Spells: 2/2 levels left

rFire    . . .     SeeInvis .   a - +0 war axe
rCold    . . .     Gourm    .   b - +0 shield
rNeg     . . .     Faith    .   (helmet restricted)
rPois    .         Spirit   .   (no amulet)
rElec    .         Reflect  .   (no ring)
rCorr    .         Harm     .   (no ring)
MR       .....                  (no ring)
Stlth    ++........             (no ring)
HPRegen  0.08/turn              (no ring)
MPRegen  0.08/turn              (no ring)
                                (no ring)
                                (no ring)

@: mighty
A: almost no armour, stealthy swim, amphibious, 8 rings, constrict 8, camouflage
1, gelatinous body 1
a: no special abilities


You were on level 2 of the Dungeon.
You were not hungry.

You visited 1 branch of the dungeon, and saw 2 of its levels.

You collected 71 gold pieces.

Inventory:

Hand Weapons
 a - a +0 war axe (weapon)
Armour
 b - a +0 shield (worn)
Scrolls
 g - a scroll of blinking
Potions
 e - a potion of haste
 f - 2 potions of lignification
 i - a potion of mutation {unknown}
 k - a potion of degeneration {unknown}
 l - 2 potions of brilliance {unknown}
Comestibles
 d - 4 rations
 h - 2 chunks of flesh


   Skills:
 + Level 3.4 Fighting
 * Level 3.3 Axes
 - Level 3.0 Dodging
 - Level 3.0 Shields


You had 2 spell levels left.
You didn't know any spells.
Your spell library was empty.

Dungeon Overview and Level Annotations

Branches:
Dungeon (2/15)

Altars:


Innate Abilities, Weirdness & Mutations

You cannot wear most types of armour.
You are very stealthy in the water. (Stealth+)
You are amphibious.
You can wear up to eight rings at the same time.
You can use your tentacles to constrict eight enemies at once.
Your skin changes colour to match your surroundings (Stealth+).
Your rubbery body absorbs attacks. (AC +1, EV +1)


Message History

The gnoll shouts!
The gnoll throws a throwing net.
The throwing net closely misses you.
A gnoll comes into view. It is wielding a +0 spear.
You see here a throwing net.
The gnoll shouts!
A kobold comes into view. It is wielding a +0 short sword.
The gnoll shouts!
You hear a shout!
The gnoll hits you with a +0 club!
The kobold throws a stone.
The stone barely misses you.
The stone hits the gnoll but does no damage.
You feel very mighty all of a sudden. The gnoll misses you.
The kobold throws a stone.
The stone hits you.
You slash the gnoll! You grab the gnoll.
The gnoll is severely wounded.
You constrict the gnoll, but do no damage.
The gnoll hits you from afar with a +0 spear!
The kobold throws a stone.
The stone hits you but does no damage. You block the gnoll's attack.
The gnoll hits you from afar with a +0 spear!
You die...

. ... ### .... #..
....##### #.# ..K.....#
#.# ........# #.##.# #.#
#.......######r..#.#
##.###.####.#..#.#.#....#
##...## #.@g.#^...r$..#
#.....# #..#####g.g...#
#.....# #..g.#........#
#.....# # #.##g#.# #...#
##...##.## #.##...####(#
##....#.# #...........#
#..##.####...........#
#...........##.###.#.#
#..............# #.#.#


You could see 3 gnolls and a kobold.

Vanquished Creatures
  A leopard gecko (D:1)
  A ball python (D:1)
  3 giant cockroaches (D:1)
  7 goblins (D:1)
  2 hobgoblins
  2 jackals (D:2)
  3 kobolds (D:1)
  8 bats
  4 frilled lizards
  3 rats
34 creatures vanquished.

Notes
Turn   | Place    | Note
-------+----------+-------------------------------------------
     0 | D:1      | Ijustatesigmund the Octopode Fighter began the quest for
                  | the Orb.
     0 | D:1      | Reached XP level 1. HP: 16/16 MP: 1/1
    32 | D:1      | Reached XP level 2. HP: 16/21 MP: 2/2
   463 | D:1      | Reached XP level 3. HP: 26/26 MP: 3/3
  1208 | D:2      | Slain by a gnoll

Levels and vault maps discovered:
D:1:      minmay_arrival_radiant_lines, layout_basic, serial_forest,
          infiniplex_forest_clump_tiny, infiniplex_forest_clump_diagonal,
          infiniplex_forest_lined_2, infiniplex_forest_clump_tiny,
          infiniplex_forest_clump_double, infiniplex_forest_split,
          infiniplex_forest_lined_room_, infiniplex_forest_side_room
D:2:      layout_loops_ring, grunt_ministairs_12, grunt_decor_fettered

Skill      XL: |  1  2 |
---------------+-------+-----
Axes           | 3 |  3.3
Fighting       | |  3.4
Dodging        | |  3.0
Shields        | |  3.0

Action                   || total
-------------------------++-------
Melee: War axe           ||    58
       Tentacles         ||     8
       Constrict         ||    13
  Use: Scroll            ||     4
       Potion            ||     1
 Stab: Sleeping          ||    11
  Eat: Chunk             ||     1
Armor: Skin              ||     9
Dodge: Dodged            ||    31
Block: Shield            ||    24

Table legend:
 A = Non-vault XP
 B = Vault XP
 C = Vault XP percentage of total XP
 D = Non-vault monster count
 E = Vault monster count
 F = Vault count percentage of total count
                 A         B        C        D         E       F
            +---------+---------+-------+---------+---------+-------
      Total |      57 |       0 |   0.0 |      34 |       0 |   0.0
            +---------+---------+-------+---------+---------+-------
        D:1 |      45 |       0 |   0.0 |      27 |       0 |   0.0
        D:2 |      12 |       0 |   0.0 |       7 |       0 |   0.0
            +---------+---------+-------+---------+---------+-------
